 Dungeon Crawl Stone Soup version 0.27-a0-828-g8289197e94 (webtiles) character file.

Game seed: 11549380590397061592

16 polve the Changer (level 2, 0/23 HPs)
             Began as a Draconian Transmuter on Mar 30, 2021.
             Succumbed to Sigmund's poison
             ... on level 1 of the Dungeon.
             The game lasted 00:00:38 (978 turns).

polve the Changer (Draconian Transmuter)             Turns: 978, Time: 00:00:39

Health: 0/23       AC:  4    Str: 12    XL:     2   Next: 37%
Magic:  5/5        EV: 12    Int: 13    God:
Gold:   37         SH:  0    Dex: 11    Spells: 4/5 levels left

rFire    . . .     SeeInvis .     - Unarmed
rCold    . . .     Faith    .   (no shield)
rNeg     . . .     Spirit   .   (armour unavailable)
rPois    .         Reflect  .   (helmet restricted)
rElec    .         Harm     .   (no cloak)
rCorr    .         Rampage  .   (no gloves)
Will     .....                  (no boots)
Stlth    +.........             (no amulet)
HPRegen  0.07/turn              (no ring)
MPRegen  0.09/turn              (no ring)

@: lethally poisoned (0 -> -11)
A: AC +4, unfitting armour, cold-blooded
a: no special abilities


You were on level 1 of the Dungeon.
You visited 1 branch of the dungeon, and saw 2 of its levels.

You collected 37 gold pieces.

Inventory:

Scrolls
 a - 2 scrolls of teleportation {unknown}


   Skills:
 - Level 1.1 Fighting
 - Level 1.7 Dodging
 - Level 3.0 Unarmed Combat
 - Level 2.0 Spellcasting
 + Level 3.1 Transmutations


You had 4 spell levels left.
You knew the following spells:

 Your Spells              Type           Power      Damage    Failure   Level
a - Beastly Appendage     Tmut           18%        N/A       7%          1

Your spell library contained the following spells:

 Spells                   Type           Power      Damage    Failure   Level
 Wereblood                Tmut           9%         N/A       11%         2
 Spider Form              Tmut/Pois      2%         N/A       38%         3
 Ice Form                 Ice/Tmut       5%         N/A       80%         4
 Hydra Form               Tmut           4%         N/A       89%         5


Dungeon Overview and Level Annotations

Branches:
Dungeon (2/15)

Altars:

Annotations:
D:2 Sigmund


Innate Abilities, Weirdness & Mutations

Your plain brown scales are hard. (AC +4)
You cannot fit into any form of body armour.
You are cold-blooded and may be slowed by cold attacks.


Message History

You barely miss Sigmund.
Your tail-slap misses Sigmund.
Sigmund gestures at you while chanting. The puff of flame misses you.
You closely miss Sigmund. Sigmund barely misses you.
Your magical contamination has completely faded away.
You hit Sigmund.
Sigmund is lightly wounded.
Sigmund barely misses you.
You closely miss Sigmund.
Sigmund is lightly wounded.
Sigmund hits you with a +2 scythe of venom.
You are poisoned.
You are too injured to fight recklessly!
You are too injured to fight recklessly!
You are too injured to fight recklessly!
You are too injured to fight recklessly!
You are too injured to fight recklessly!
You are too injured to fight recklessly!
You are too injured to fight recklessly!
You are too injured to fight recklessly!
You are too injured to fight recklessly!
You are too injured to fight recklessly!
You feel very sick. Sigmund gestures at you while chanting.
The magic dart hits you.
* * * LOW HITPOINT WARNING * * *
You feel very sick.
* * * LOW HITPOINT WARNING * * *
You feel sick.
There is a stone staircase leading up here.
* * * LOW HITPOINT WARNING * * *
You feel sick.
The adder hisses angrily.
Sigmund misses you.
You climb upwards.
* * * LOW HITPOINT WARNING * * *
You feel sick.
There is a stone staircase leading down here.
You aren't carrying any potions.
You die...

#.#
#######.######
#.##. #.# #.#
#.##. #.#
######.# #.##.
#####.#
#......# #....
#.....#
#.###### ##.#.
#.##### #.#
####### #.#.
#.# #.# #.....#
#.#. #.#
#.#######.....#
#.#. #.#
#....>@.......#
#.#. #.#
#########.....#
#.#. #.#
#.....# #.#.
#.# ###.###
#.#. #.# #.#
######.## #.#
#.# #......#
#.## #.#
#.###### ...#
#.# #.# ...###
#.# #.#


There were no monsters in sight!

Vanquished Creatures
  3 bats (D:1)
  An endoplasm (D:1)
  A hobgoblin (D:1)
  3 jackals (D:1)
  2 ball pythons (D:1)
  2 frilled lizards (D:1)
  A kobold (D:2)
  2 rats (D:1)
15 creatures vanquished.

Notes
Turn   | Place    | Note
-------+----------+-------------------------------------------
     0 | D:1      | polve the Draconian Transmuter began the quest for the Orb.
     0 | D:1      | Reached XP level 1. HP: 16/16 MP: 3/3
   169 | D:1      | Reached XP level 2. HP: 13/23 MP: 5/5
   964 | D:2      | Noticed Sigmund
   977 | D:1      | HP: 1/23 [poisoned by Sigmund]
   978 | D:1      | Succumbed to Sigmund's poison

Illustrated notes

Levels and vault maps discovered:
D:1:      lightli_arrival_noodles, layout_loops_ring
D:2:      layout_basic, regret_index_temple_of_mockery, grunt_ministairs_8,
          uniq_sigmund

Skill      XL: |  1  2 |
---------------+-------+-----
Transmutations | 3 |  3.1
Fighting       | |  1.1
Dodging        | |  1.7
Unarmed Combat | |  3.0
Spellcasting   | |  2.0

Action                   || total
-------------------------++-------
Melee: Unarmed           ||    50
       Kick              ||     7
       Tailslap          ||     5
       Headbutt          ||     3
 Cast: Beastly Appendage ||     5
 Stab: Sleeping          ||     3
Armor: Skin              ||    23
Dodge: Dodged            ||    36

Table legend: (Time is in decaauts)
 A = Elapsed time spent in this place.
 B = Non-inter-level travel time spent in this place.
 C = Inter-level travel time spent in this place.
 D = Time resting spent in this place.
 E = Time spent auto-exploring this place.
 F = Levels seen in this place.
 G = Mean time per level.
                   A        B        C        D        E       F      G
               +--------+--------+--------+--------+--------+-----+--------+
         Total |    976 |    946 |     30 |      0 |    844 |   2 |  488.0 |
       Dungeon |    976 |    946 |     30 |      0 |    844 |   2 |  488.0 |
               +--------+--------+--------+--------+--------+-----+--------+

Top non-repeatable levels by time:
     D:1: 961 daAuts
     D:2: 14 daAuts
